 Dungeon Crawl Stone Soup version 0.18-a0-1782-gb76a692 (webtiles) character file.

2074 namelastname112 the Bolt Thrower (level 9, 0/75 HPs)
             Began as a Green Draconian Arcane Marksman on Apr 17, 2016.
             Was a Follower of Dithmenos.
             Killed from afar by a gargoyle (18 damage)
             ... with a stone arrow
             ... on level 7 of the Dungeon.
             The game lasted 00:10:40 (5835 turns).

namelastname112 the Bolt Thrower (DrAM)             Turns: 5835, Time: 00:10:41

Health: 0/75       AC: 12    Str: 13    XL:     9   Next: 6%
Magic:  10/10      EV: 21    Int: 20    God:    Dithmenos [*.....]
Gold:   427        SH:  0    Dex: 23    Spells: 1 memorised, 9 levels left

rFire  . . .     SeeInvis .     a - +0 hand crossbow
rCold  + . .     Gourm    .     (armour unavailable)
rNeg   . . .     Faith    .     (no shield)
rPois  +         Spirit   .     n - +2 hat
rElec  .         Dismiss  .     x - +0 cloak
rCorr  .         Reflect  .     u - +0 pair of gloves
SustAt .         Harm     .     g - +0 pair of boots
MR     .....                    (no amulet)
Stlth  ++++......               F - ring of protection from cold
                                G - +5 ring of dexterity

@: brilliant, agile, exhausted, slowed, wreathed by umbra, very slow, not
resistant to hostile enchantments, stealthy
A: breathe noxious fumes, unfitting armour, poison resistance, cold-blooded, AC
+7
a: Breathe Noxious Fumes, Renounce Religion


You were on level 7 of the Dungeon.
You worshipped Dithmenos.
Dithmenos was aware of your devotion.
You were hungry.

You visited 2 branches of the dungeon, and saw 8 of its levels.

You collected 427 gold pieces.

Inventory:

Hand Weapons
 a - a +0 hand crossbow (weapon)
 K - a cursed -1 blowgun
 M - a +0 dagger of draining
Missiles
 c - 26 bolts (quivered)
 k - 14 bolts of frost
 C - 3 curare-tipped needles
 L - 15 silver bolts
Armour
 g - a +0 pair of boots (worn)
 n - a +2 hat (worn)
 u - a +0 pair of gloves (worn)
 x - a +0 cloak (worn)
Jewellery
 p - an uncursed ring of resist corrosion
 F - a ring of protection from cold (right hand)
 G - a +5 ring of dexterity (left hand)
 R - a +3 ring of protection {unknown}
Wands
 z - a wand of lightning (5/15)
 J - a wand of polymorph (8/24)
 P - a wand of iceblast (10/15)
Scrolls
 e - 3 scrolls of amnesia {unknown}
 f - 3 scrolls of blinking {unknown}
 h - 9 scrolls of remove curse {unknown}
 i - a scroll of random uselessness {unknown}
 l - 15 scrolls of identify {unknown}
 m - a scroll of magic mapping {unknown}
 o - 4 scrolls of recharging {unknown}
 t - 3 scrolls of enchant armour {unknown}
 w - 2 scrolls of teleportation {unknown}
 y - 2 scrolls of fear {unknown}
 N - a scroll of enchant weapon {unknown}
 O - a scroll of fog {unknown}
Potions
 j - 2 potions of berserk rage
 q - 2 potions of curing
 v - a potion of degeneration {unknown}
 A - a potion of haste {unknown}
 B - a potion of might {unknown}
 D - a potion of ambrosia
 E - a potion of brilliance
 H - a potion of magic {unknown}
 I - 2 potions of flight {unknown}
Books
 b - a book of Debilitation

   Spells                             Type                      Level
   a - Corona                         Hexes                        1
   b - Slow                           Hexes                        2
   c - Gell's Gravitas                Hexes/Translocation          3
   d - Inner Flame                    Hexes/Fire                   3
   e - Cause Fear                     Hexes                        4
   f - Leda's Liquefaction            Hexes/Earth                  4
Comestibles
 d - 11 bread rations
 r - 3 beef jerkies
 s - 7 fruits
 S - 3 chunks of flesh


   Skills:
 + Level 5.8 Fighting
 + Level 3.3 Short Blades
 * Level 7.1 Crossbows
 + Level 4.8 Dodging
 + Level 3.9 Stealth
 - Level 1.0 Spellcasting
 - Level 2.6 Hexes


You had 9 spell levels left.
You knew the following spells:

 Your Spells              Type           Power        Failure   Level  Hunger
a - Corona                Hex            ###....      1%          1    ##.....


Dungeon Overview and Level Annotations

Branches:
Dungeon (7/15)             Temple (1/1) D:5

Altars:
Ashenzari
Cheibriados
Dithmenos
Elyvilon
Fedhas
Gozag
Kikubaaqudgha
Makhleb
Nemelex Xobeh
Okawaru
Pakellas
Qazlal
Sif Muna
Vehumet
Xom
Yredelemnul
Zin
The Shining One

Shops:
D:6 [


Innate Abilities, Weirdness & Mutations

You can breathe blasts of noxious fumes.
Your lurid green scales are hard (AC +7).
Your body does not fit into most forms of armour.
Your system is resistant to poisons.
You are cold-blooded and may be slowed by cold attacks.


Message History

Aim: a gargoyle, wielding a flail (heavily damaged, umbra)
You shoot a bolt.
The bolt hits the gargoyle but does no damage.
The gargoyle is heavily damaged.
The gargoyle hurls a stone arrow at you.
The stone arrow misses you. The gargoyle barely misses you.
Firing (i - inventory. (,) - cycle):
c - 28 bolts (quivered)
Press: ? - help, Shift-Dir - straight line, f/p - gargoyle
Aim: a gargoyle, wielding a flail (heavily damaged, umbra)
You shoot a bolt. The bolt hits the gargoyle.
The gargoyle is heavily damaged.
The gargoyle completely misses you.
Firing (i - inventory. (,) - cycle):
c - 27 bolts (quivered)
Press: ? - help, Shift-Dir - straight line, f/p - gargoyle
Aim: a gargoyle, wielding a flail (heavily damaged, umbra)
You shoot a bolt. The bolt hits the gargoyle.
The gargoyle is severely damaged.
The gargoyle hurls a stone arrow at you.
The stone arrow hits you!
You die...

..........<((....#
#####.......#.##(# ###
#########.##.# ##.#
#....## †#.# #.###.#
.#.# #.###.# ##.#
#.....# #.#
###########.....# ##.#
#....##<.@9.(#### ...#
#....######..#
...#####....##.(.[..#
............###.....####
............# #........#
............# #.....##.#
...........## ########.#
.#.........#######.)...#
...............).#.#####


You could see a gargoyle.

Vanquished Creatures
  Grinder (D:6)
  A spriggan (D:7)
  Sigmund (D:3)
  An ice beast (D:6)
  Duvessa (D:6)
  A phantom (D:5)
  A sky beast (D:5)
  A big kobold (D:7)
  6 giant frogs
  Dowan (D:6)
  A wyvern skeleton (D:7)
  A scorpion (D:4)
  A howler monkey (D:4)
  3 crimson imps
  A hound (D:5)
  An orc priest (D:7)
  Crazy Yiuf (D:3)
  2 iguanas
  An orc wizard (D:5)
  3 worker ants
  A howler monkey zombie (D:5)
  A gnoll (D:5)
  7 adders
  A shadow imp (D:5)
  An ooze (D:1)
  2 worms (D:3)
  4 giant geckos
  13 orcs
  A ball python (D:4)
  4 bats
  4 giant cockroaches
  7 hobgoblins
  12 jackals
  10 kobolds
  A quokka (D:5)
  6 giant newts
  14 goblins
  5 rats
  A fungus (D:3)
125 creatures vanquished.

Notes
Turn   | Place    | Note
--------------------------------------------------------------
     0 | D:1      | namelastname112 the Draconian Arcane Marksman began the quest for the Orb.
     0 | D:1      | Reached XP level 1. HP: 16/16 MP: 2/2
    75 | D:1      | Reached skill level 2 in Crossbows
   125 | D:1      | Reached XP level 2. HP: 21/23 MP: 3/3
   465 | D:1      | Reached XP level 3. HP: 22/29 MP: 4/4
  1109 | D:2      | Wingboner: Почто шапку не взял?
  1109 | D:2      | namelastname112: взял
  1175 | D:2      | Wingboner: Хм.
  1221 | D:2      | Reached skill level 3 in Crossbows
  1221 | D:2      | Reached XP level 4. HP: 31/37 MP: 5/5
  1688 | D:3      | Found a shattered altar of Ashenzari.
  1692 | D:3      | Found a stormy altar of Qazlal.
  1696 | D:3      | Found a deep blue altar of Sif Muna.
  1696 | D:3      | Found a shimmering altar of Xom.
  1697 | D:3      | Found a white marble altar of Elyvilon.
  1699 | D:3      | Found an iron altar of Okawaru.
  1700 | D:3      | Found a blossoming altar of Fedhas.
  1701 | D:3      | Found a glowing silver altar of Zin.
  2001 | D:3      | Noticed Crazy Yiuf
  2030 | D:3      | Killed Crazy Yiuf
  2040 | D:3      | Noticed Sigmund
  2096 | D:3      | Killed Sigmund
  2096 | D:3      | Reached skill level 4 in Crossbows
  2096 | D:3      | Reached XP level 5. HP: 41/45 MP: 6/6
  2096 | D:3      | Reached XP level 6. HP: 46/51 MP: 7/7
  2430 | D:4      | Found a snail-covered altar of Cheibriados.
  2818 | D:4      | Found a sparkling altar of Nemelex Xobeh.
  2819 | D:4      | Found an opulent altar of Gozag.
  2948 | D:5      | Entered Level 5 of the Dungeon
  2954 | D:5      | Noticed a sky beast
  3062 | D:5      | Killed a sky beast
  3062 | D:5      | Reached skill level 5 in Crossbows
  3062 | D:5      | Reached skill level 1 in Stealth
  3265 | D:5      | Found a staircase to the Ecumenical Temple.
  3293 | D:5      | Your scales start taking on a lurid green colour.
  3293 | D:5      | Reached XP level 7. HP: 48/59 MP: 8/8
  3293 | D:5      | Gained mutation: Your system is resistant to poisons. [Green Draconian growth]
  3530 | Temple   | Entered the Ecumenical Temple
  3616 | Temple   | Became a worshipper of Dithmenos the Shadowed
  3893 | D:5      | Reached skill level 1 in Short Blades
  4070 | D:5      | Found a deep blue altar of Sif Muna.
  4229 | D:5      | Found an iron altar of Okawaru.
  4409 | D:6      | Found Inorun's Antique Armour Shop.
  4442 | D:6      | Noticed Duvessa
  4444 | D:6      | Noticed Dowan
  4461 | D:6      | Killed Duvessa
  4474 | D:6      | Killed Dowan
  4514 | D:6      | Reached skill level 6 in Crossbows
  4514 | D:6      | Reached XP level 8. HP: 52/67 MP: 9/9
  4529 | D:6      | Reached skill level 5 in Fighting
  4834 | D:6      | Noticed Grinder
  4844 | D:6      | Killed Grinder
  5114 | D:7      | Noticed a gargoyle
  5315 | D:7      | Vulkandrache: you died?
  5327 | D:7      | namelastname112: well
  5327 | D:7      | namelastname112: yes
  5362 | D:7      | Vulkandrache: where
  5399 | D:7      | namelastname112: orc:2
  5631 | D:7      | Reached * piety under Dithmenos
  5697 | D:7      | Reached skill level 7 in Crossbows
  5735 | D:7      | Reached XP level 9. HP: 74/75 MP: 10/10
  5835 | D:7      | Killed from afar by a gargoyle

Vault maps used:
D:1:      lemuel_arrival_behind_the_door_small
D:3:      wad_river_or_something, minitemple, uniq_sigmund,
          uniq_crazy_yiuf_cottage
D:4:      grunt_temple_overflow_opulence, first_bread,
          hangedman_abyss_or_decor_lesser_grid, cheibriados_altar_1
D:5:      minmay_temple_entry_grid, basic_altar, okawaru_altar_gauntlet_db
D:6:      serial_shops, nicolae_shop_stone, uniq_grinder, uniq_duvessa
D:7:      the_bakery
Temple:   circular_temple_pool_8

Skill      XL: |  1  2  3  4  5  6  7  8 |
---------------+-------------------------+-----
Crossbows      | 2 3 4 5 6 7 |  7.1
Dodging        | 2 3 4 |  4.8
Fighting       | 2 3 4 5 |  5.8
Stealth        | 1 2 3 |  3.9
Short Blades   | 1 3 |  3.3
Spellcasting   | |  1.0
Hexes          | |  2.6

Action                   |  1- 3 |  4- 6 |  7- 9 || total
-------------------------+-------+-------+-------++-------
Melee: Dagger            |    23 |       |    72 ||    95
       Tailslap          |     7 |    29 |    47 ||    83
       Short sword       |    84 |   179 |   200 ||   463
 Fire: Hand crossbow     |    43 |    42 |    77 ||   162
 Abil: Breathe Noxious F |       |       |     7 ||     7
  Use: Potion            |       |     1 |     5 ||     6
 Stab: Sleeping          |       |     1 |     6 ||     7
       Confused          |       |       |    11 ||    11
  Eat: Chunk             |     1 |     6 |     5 ||    12
       Pizza             |       |       |     1 ||     1
       Bread ration      |       |       |     1 ||     1
Armor: Skin              |    66 |   116 |   134 ||   316
Dodge: Dodged            |   103 |   137 |   269 ||   509
